 Dungeon Crawl Stone Soup version 0.28-a0-938-gbc3f381ebc (webtiles) character file.

Game seed: 5372304864614795961

24 croobank the Ducker (level 3, -1/29 HPs)
             Began as a Human Monk on Nov 28, 2021.
             Slain by a goblin (4 damage)
             ... led by Robin
             ... on level 2 of the Dungeon.
             The game lasted 00:05:25 (1456 turns).

croobank the Ducker (Human Monk)                    Turns: 1456, Time: 00:05:25

Health: -1/29      AC:  1    Str: 12    XL:     3   Next: 15%
Magic:  3/3        EV: 13    Int: 10    God:
Gold:   36         SH:  0    Dex: 15    Spells: 2/2 levels left

rFire   . . .      SeeInvis .   a - +0 hand axe
rCold   . . .      Faith    .   (no shield)
rNeg    . . .      Spirit   .   b - +0 robe
rPois   .          Reflect  .   (no helmet)
rElec   .          Harm     .   (no cloak)
rCorr   .          Rampage  .   (no gloves)
Will    .....      Clarity  +   (no boots)
Stlth   ++........              (no amulet)
HPRegen 0.09/turn               (no ring)
MPRegen 0.08/turn               (no ring)

@: mighty, weak-willed
A: clarity, deformed body, passive freeze, inability to read while threatened
a: no special abilities


You were on level 2 of the Dungeon.
You visited 1 branch of the dungeon, and saw 2 of its levels.

You collected 36 gold pieces.

Inventory:

Hand Weapons
 a - a +0 hand axe (weapon)
 h - a +0 whip
Missiles
 g - 23 bolts
Armour
 b - a +0 robe (worn)
 c - a +0 ring mail
 d - a +0 chain mail
 e - a +0 ring mail


   Skills:
 + Level 3.2 Fighting
 + Level 3.3 Axes
 + Level 3.4 Dodging
 + Level 2.2 Stealth


You had 2 spell levels left.
You didn't know any spells.
Your spell library contained the following spells:

 Spells                   Type           Power      Damage    Failure   Level
 Ozocubu's Armour         Ice            0%         N/A       75%         3
 Metabolic Englaciation   Hex/Ice        0%         N/A       100%        5
 Simulacrum               Ice/Necr       0%         N/A       100%        6


Dungeon Overview and Level Annotations

Branches:
Dungeon (2/15)

Altars:

Annotations:
D:2 Robin


Innate Abilities, Weirdness & Mutations

You possess an exceptional clarity of mind.
Armour fits poorly on your strangely shaped body.
A frigid envelope surrounds you and freezes all who hurt you.
You sometimes lose the ability to read scrolls when taking damage.


Message History

You feel very mighty all of a sudden. The hobgoblin hits you!
You feel threatened and lose the ability to read scrolls!
The hobgoblin is very cold.
You kill the hobgoblin!
The goblin hits you with a +0 dagger.
The goblin is very cold.
The goblin is heavily wounded.
The kobold throws a stone.
The stone misses you.
It was a potion of curing.
You feel better.
The goblin shouts!
You hear a shout!
The goblin barely misses you. The goblin hits you with a +0 dagger.
The goblin is very cold.
You kill the goblin!
Robin throws the goblin at you! The goblin hits you with a +0 club.
* * * LOW HITPOINT WARNING * * *
The goblin is very cold.
You kill the goblin!
The goblin closely misses you.
You hear a shout!
The goblin hits you with a +0 dagger.
* * * LOW HITPOINT WARNING * * *
The goblin is very cold.
The goblin is moderately wounded.
Things that are here:
a +0 club; a goblin corpse; a hobgoblin corpse Robin closely misses you.
Robin throws the goblin at you!
* * * LOW HITPOINT WARNING * * *
The goblin closely misses you.
A goblin comes into view. It is wielding a +0 club.
The goblin no longer looks unusually strong. x2
The goblin no longer looks unusually strong.
Robin roars a battlecry!
The goblins go into a battle-frenzy!
You hear a shout!
You can read scrolls again.
There is a stone staircase leading up here.
The goblin no longer looks unusually strong.
The goblin hits you with a +0 dagger.
You die...

#............#***#.......#.# #
#####.#########............#*###
#.# #.##.......#..,... #.#
#.##.......###*### #.#
#.#*,,,,,,,* # #.# #.#*,,,,,,,*
# ####.#########.#*,,,,,,,* #
#............#.#********* #
#............#@#### #
#..............g..#############
#..............S..ggS.........g
#.................#############
#............######***********#
############## *,,,,,,,,,,,,,#
*,******,,,,,,. *,* ******,#
*********,*** *,#


You could see 2 adders and 3 goblins.

Vanquished Creatures
  3 endoplasms (D:2)
  4 goblins
  5 hobgoblins
  2 quokkas (D:2)
  2 ball pythons
  2 bats
  2 frilled lizards
  2 rats (D:1)
22 creatures vanquished.

Vanquished Creatures (others)
  A fungus (D:2)
  7 plants (D:2)
8 creatures vanquished.

Grand Total: 30 creatures vanquished

Notes
Turn   | Place    | Note
-------+----------+-------------------------------------------
     0 | D:1      | croobank the Human Monk began the quest for the Orb.
     0 | D:1      | Reached XP level 1. HP: 18/18 MP: 1/1
   560 | D:1      | Reached XP level 2. HP: 2/24 MP: 2/2
  1415 | D:2      | Noticed Robin
  1430 | D:2      | Gained mutation: Armour fits poorly on your strangely
                  | shaped body. [potion of mutation]
  1430 | D:2      | Gained mutation: You sometimes lose the ability to read
                  | scrolls when taking damage. [potion of mutation]
  1430 | D:2      | Gained mutation: You possess an exceptional clarity of
                  | mind. [potion of mutation]
  1430 | D:2      | Gained mutation: A frigid envelope surrounds you and
                  | freezes all who hurt you. [potion of mutation]
  1431 | D:2      | Reached XP level 3. HP: 21/29 MP: 3/3
  1435 | D:2      | HP: 1/29 [Robin/goblin (1)]
  1456 | D:2      | Slain by a goblin

Illustrated notes

Levels and vault maps discovered:
D:1:      wander_arrival_estate, layout_loops_cross
D:2:      layout_basic, shapermc_ecumenical_altar_hornbeckon, uniq_robin

Action                   || total
-------------------------++-------
Melee: Hand axe          ||    65
  Use: Scroll            ||     3
       Potion            ||     4
 Stab: Sleeping          ||     2
Armor: Robe              ||    22
Dodge: Dodged            ||    77

Table legend: (Time is in decaauts)
 A = Elapsed time spent in this place.
 B = Non-inter-level travel time spent in this place.
 C = Inter-level travel time spent in this place.
 D = Time resting spent in this place.
 E = Time spent auto-exploring this place.
 F = Levels seen in this place.
 G = Mean time per level.
                   A        B        C        D        E       F      G
               +--------+--------+--------+--------+--------+-----+--------+
         Total |   1465 |   1425 |     40 |    270 |    824 |   2 |  732.5 |
       Dungeon |   1465 |   1425 |     40 |    270 |    824 |   2 |  732.5 |
               +--------+--------+--------+--------+--------+-----+--------+

Top non-repeatable levels by time:
     D:1: 1204 daAuts
     D:2: 260 daAuts
